 Dungeon Crawl Stone Soup version 0.21.1-1-g345015fe64 (webtiles) character file.

1711 Delanovic the Grave Robber (level 8, -7/73 HPs)
             Began as a Deep Dwarf Necromancer on Apr 15, 2018.
             Was a Follower of Makhleb.
             Killed from afar by an electric eel (12 damage)
             ... with a bolt of electricity
             ... on level 6 of the Dungeon.
             The game lasted 00:27:14 (7076 turns).

Delanovic the Grave Robber (Deep Dwarf Necromancer) Turns: 7076, Time: 00:27:15

Health: -7/73      AC:  7    Str: 12    XL:     8   Next: 74%
Magic:  15/15      EV: 12    Int: 18    God:    Makhleb [*.....]
Gold:   284        SH:  0    Dex: 19    Spells: 12/17 levels left

rFire    x x .     SeeInvis .   o - +4 rapier (elec)
rCold    + + +     Gourm    .   (no shield)
rNeg     . . .     Faith    .   r - +0 scale mail (curse)
rPois    .         Spirit   .   (no helmet)
rElec    .         Reflect  .   (no cloak)
rCorr    .         Harm     .   (no gloves)
MR       +....                  s - +0 pair of boots
Stlth    +.........             y - amulet "Piumug" {*Contam +Rage rC+++ Dex+6 Slay-3}
HPRegen  0.00/turn              l - ring of ice
MPRegen  0.14/turn              n - ring of ice

@: non-regenerating
A: damage resistance, heal wounds, sense surroundings 1, no regeneration
a: Heal Wounds, Renounce Religion, Evoke Berserk Rage


You were on level 6 of the Dungeon.
You worshipped Makhleb.
Makhleb was aware of your devotion.
You were not hungry.

You visited 2 branches of the dungeon, and saw 7 of its levels.

You collected 284 gold pieces.

Inventory:

Hand Weapons
 g - a +0 whip
 o - a +4 rapier of electrocution (weapon)
Missiles
 h - 60 arrows
 k - 10 bolts
Armour
 a - a +0 robe
 r - a cursed +0 scale mail (worn)
 s - a +0 pair of boots (worn)
Jewellery
 l - a ring of ice (left hand)
 n - a ring of ice (right hand)
 y - the amulet "Piumug" (around neck) {*Contam +Rage rC+++ Dex+6 Slay-3}
   (You acquired it on level 5 of the Dungeon)

   [amulet of rage]

   It affects your dexterity (+6).
   It affects your accuracy and damage with ranged weapons and melee attacks
   (-3).
   It renders you almost immune to cold.
   It lets you go berserk.
   It causes magical contamination when unequipped.
Wands
 x - a wand of disintegration (10)
Scrolls
 d - a scroll of amnesia
 e - 3 scrolls of teleportation
 f - 2 scrolls of fog
 i - 6 scrolls of identify
 j - a scroll of enchant weapon
 p - a scroll of remove curse {unknown}
 q - 5 scrolls of magic mapping {unknown}
 u - 2 scrolls of blinking
 v - a scroll of random uselessness {unknown}
 w - a scroll of noise
Potions
 m - a potion of agility
Books
 b - a book of Necromancy

   Spells                             Type                      Level
   a - Pain                           Necromancy                   1
   b - Animate Skeleton               Necromancy                   1
   c - Vampiric Draining              Necromancy                   3
   d - Regeneration                   Charms/Necromancy            3
   e - Animate Dead                   Necromancy                   4
   f - Borgnjor's Vile Clutch         Necromancy/Earth             5
Comestibles
 c - 8 rations


   Skills:
 + Level 4.6 Fighting
 + Level 6.4 Dodging
 - Level 3.2 Stealth
 + Level 5.0 Spellcasting
 + Level 7.6 Necromancy


You had 12 spell levels left.
You knew the following spells:

 Your Spells              Type           Power        Failure   Level  Hunger
a - Pain                  Necr           ####         3%          1    None
b - Vampiric Draining     Necr           ####......   10%         3    ##.....
c - Animate Skeleton      Necr           N/A          3%          1    None


Dungeon Overview and Level Annotations

Branches:
Dungeon (6/15)             Temple (1/1) D:4

Altars:
Cheibriados
Dithmenos
Elyvilon
Fedhas
Gozag
Kikubaaqudgha
Makhleb
Qazlal
Ru
Sif Muna
Trog
Vehumet
Xom
Yredelemnul
Zin
The Shining One


Innate Abilities, Weirdness & Mutations

You are resistant to damage.
You can heal yourself by infusing magical energy.
You passively map a small area around you.
You do not regenerate.


Message History

The electric eel shoots out a bolt of lightning at you!
The bolt of electricity hits you!
The electric eel shoots out a bolt of lightning at you!
The bolt of electricity hits you!
There is an open door here.
You start resting.
Your magical contamination has completely faded away.
You start resting.
Magic restored.
There is an open door here.
The electric eel shoots out a bolt of lightning at you!
The bolt of electricity misses you.
The electric eel shoots out a bolt of lightning at you!
The bolt of electricity hits you!
* * * LOW HITPOINT WARNING * * *
The electric eel shoots out a bolt of lightning at you!
The bolt of electricity hits you!
* * * LOW HITPOINT WARNING * * *
The bolt of electricity hits you!
You die...

.#......####.≈≈≈≈≈.≈≈≈≈..#
#.. .#......#
#.≈≈≈≈≈.≈≈≈≈..# #..
.#......# #.......≈≈≈≈..#
#.. ..####'##
#.≈≈≈≈........# #.. ..#
#.# #.≈≈≈≈.≈≈≈≈≈..# #..
..####'## #.≈≈≈≈.;≈≈≈≈...
...
..##....####.≈≈≈≈!≈≈≈≈≈. *
##.
..##....##...≈≈≈≈.≈≈≈≈≈. *
..##............@....... ,
, ,..
'###....##.##...######## *
#. .# #....##.##...# , #.
.# ##..###'####.# * , #.
.####..##...# #.# ,, * #.
.......##...# ### * * * *
#. ######.##...# #.
#.###.## * * , , #<
#.###.####### , , ,* ##


You could see an electric eel.

Vanquished Creatures
  The ghost of Name63 the Grave Robber, a novice GnNe (D:6)
  Menkaure (D:4)
  An ogre (D:6)
  5 bullfrogs (D:6)
  A scorpion (D:5)
  An electric eel (D:6)
  A bullfrog zombie (D:5)
  3 crimson imps (D:6)
  A jelly (D:5)
  A hound (D:5)
  An orc priest (D:5)
  Jessica (D:2)
  4 orc wizards
  4 worker ants
  A killer bee zombie (D:6)
  A hound skeleton (D:5)
  3 gnolls (D:3)
  8 adders
  A shadow imp (D:6)
  2 oozes
  An adder skeleton (D:5)
  9 worms
  4 dart slugs
  2 leopard geckos
  11 orcs
  A ball python (D:3)
  A bat zombie (D:4)
  6 giant cockroaches
  5 goblins
  4 hobgoblins
  7 jackals
  3 quokkas
  5 bats
  2 frilled lizards
  4 kobolds
  8 rats
  A rat zombie (D:4)
116 creatures vanquished.

Notes
Turn   | Place    | Note
-------+----------+-------------------------------------------
     0 | D:1      | Delanovic the Deep Dwarf Necromancer began the quest for the Orb.
     0 | D:1      | Reached XP level 1. HP: 15/15 MP: 3/3
   568 | D:1      | Reached XP level 2. HP: 19/22 MP: 0/4
  1326 | D:2      | Reached XP level 3. HP: 16/28 MP: 3/6
  1471 | D:2      | Learned a level 3 spell: Vampiric Draining
  2033 | D:2      | Noticed Jessica
  2041 | D:2      | Killed Jessica
  2041 | D:2      | Reached XP level 4. HP: 36/37 MP: 0/7
  2147 | D:2      | Reached skill level 5 in Necromancy
  2205 | D:2      | Reached skill level 1 in Fighting
  2709 | D:3      | Reached XP level 5. HP: 32/44 MP: 2/9
  3644 | D:3      | Found a white marble altar of Elyvilon.
  3745 | D:4      | Found a stormy altar of Qazlal.
  3868 | D:4      | Reached XP level 6. HP: 43/52 MP: 0/10
  4032 | D:4      | Learned a level 1 spell: Animate Skeleton
  4037 | D:4      | Found an ancient bone altar of Kikubaaqudgha.
  4078 | D:4      | Noticed Menkaure
  4112 | D:4      | Killed Menkaure
  4122 | D:4      | Found a staircase to the Ecumenical Temple.
  4132 | Temple   | Entered the Ecumenical Temple
  4318 | Temple   | Became a worshipper of Makhleb the Destroyer
  4606 | D:4      | Found a glowing silver altar of Zin.
  5015 | D:5      | Entered Level 5 of the Dungeon
  5304 | D:5      | Reached skill level 6 in Necromancy
  5312 | D:5      | Reached XP level 7. HP: 44/61 MP: 2/12
  5417 | D:5      | Identified a scroll of acquirement
  5418 | D:5      | Got a smoking sapphire amulet
  5419 | D:5      | Identified the amulet "Piumug" {*Contam +Rage rC+++ Dex+6 Slay-3} (You acquired it on level 5 of the Dungeon)
  5871 | D:6      | Reached skill level 5 in Dodging
  5950 | D:6      | Noticed Name63's ghost (novice GnNe)
  6113 | D:6      | Reached XP level 8. HP: 15/70 MP: 6/14
  6225 | D:6      | Reached * piety under Makhleb
  6523 | D:6      | Reached skill level 7 in Necromancy
  6771 | D:6      | Killed Name63's ghost
  6771 | D:6      | Reached skill level 5 in Spellcasting
  7076 | D:6      | Killed from afar by an electric eel

Skill      XL: |  1  2  3  4  5  6  7  8 |
---------------+-------------------------+-----
Stealth        | 3 |  3.2
Spellcasting   | 2 3 4 5 |  5.0
Dodging        | 3 4 5 6 |  6.4
Necromancy     | 5 6 7 |  7.6
Fighting       | 1 2 3 4 |  4.6

Action                   |  1- 3 |  4- 6 |  7- 9 || total
-------------------------+-------+-------+-------++-------
Melee: Whip              |    37 |       |       ||    37
       Rapier            |    17 |    65 |    69 ||   151
 Cast: Pain              |    83 |    33 |    16 ||   132
       Vampiric Draining |     2 |    33 |    31 ||    66
 Abil: Heal Wounds       |     1 |       |     1 ||     2
  Use: Scroll            |       |     7 |     4 ||    11
       Potion            |       |     4 |     4 ||     8
 Stab: Sleeping          |       |     1 |     1 ||     2
  Eat: Chunk             |     5 |    11 |     3 ||    19
       Ration            |       |     1 |     2 ||     3
Armor: Robe              |     2 |     2 |       ||     4
       Scale mail        |       |    43 |    42 ||    85
Dodge: Dodged            |    42 |    56 |    68 ||   166
